 Dungeon Crawl Stone Soup version 0.18-a0-971-g0af6217 (webtiles) character file.

1731 dvd the Covert (level 8, -6/33 HPs)
             Began as a Felid Enchanter on Jan 2, 2016.
             Was a Believer of Sif Muna.
             Mangled by a wolf (11 damage)
             ... on level 8 of the Dungeon.
             The game lasted 00:43:59 (10079 turns).

dvd the Covert (Felid Enchanter)                   Turns: 10079, Time: 00:43:59

Health: -6/33      AC:  2    Str:  4    XL:     8   Next: 76%
Magic:  9/19       EV: 20    Int: 19    God:    Sif Muna [**....]
Gold:   939        SH:  0    Dex: 18    Spells: 5 memorised, 10 levels left
                                        Lives:  0   Deaths: 2

rFire  + . .     SeeInvis +       - Unarmed
rCold  . . .     Gourm    .     (armour unavailable)
rNeg   . . .     Faith    .     (shield unavailable)
rPois  .         Spirit   .     (helmet unavailable)
rElec  .         Dismiss  .     (cloak unavailable)
rCorr  .         Reflect  .     (gloves unavailable)
SustAt .         Harm     .     (boots unavailable)
MR     +....                    (no amulet)
Stlth  +++++.....               p - +2 ring of dexterity
                                l - ring of protection from fire

@: quick, somewhat resistant to hostile enchantments, quite stealthy
A: no armour, no weapons or thrown items, claws 1, fangs 3, see invisible,
carnivore 3, speed 1, shaggy fur 2, slow metabolism 1, sharp paws
a: Channel Energy, Forget Spell, Renounce Religion


You were on level 8 of the Dungeon.
You worshipped Sif Muna.
Sif Muna was pleased with you.
You were completely stuffed.

You visited 2 branches of the dungeon, and saw 9 of its levels.
You also visited: Bailey.

You collected 939 gold pieces.

Inventory:

Jewellery
 k - an uncursed amulet of faith
 l - a ring of protection from fire (left paw)
 p - a +2 ring of dexterity (right paw)
Wands
 h - a wand of fire (10/15)
 m - a wand of paralysis (15/24)
 o - a wand of confusion (18/48)
 r - a wand of cold (2/15)
 s - a wand of paralysis (13/24)
Scrolls
 c - 7 scrolls of remove curse
 d - 8 scrolls of identify
 f - 2 scrolls of fear
 x - a scroll of brand weapon {unknown}
Potions
 e - a potion of haste
 g - a potion of cure mutation
 j - 2 potions of brilliance
 u - a potion of curing
 v - a potion of heal wounds
Books
 a - a book of Maledictions

   Spells                             Type                      Level
   a - Corona                         Hexes                        1
   b - Ensorcelled Hibernation        Hexes/Ice                    2
   c - Confuse                        Hexes                        3
   d - Tukima's Dance                 Hexes                        3
   e - Dazzling Spray                 Conjuration/Hexes            3
 q - a book of Transfigurations

   Spells                             Type                      Level
   a - Stoneskin                      Transmutation/Earth          2
   b - Irradiate                      Conjuration/Transmutation    5
   c - Statue Form                    Transmutation/Earth          6
   d - Hydra Form                     Transmutation                6
   e - Dragon Form                    Transmutation                7
 w - a book of Flames

   Spells                             Type                      Level
   a - Flame Tongue                   Conjuration/Fire             1
   b - Throw Flame                    Conjuration/Fire             2
   c - Conjure Flame                  Conjuration/Fire             3
   d - Inner Flame                    Hexes/Fire                   3
   e - Sticky Flame                   Conjuration/Fire             4
   f - Fireball                       Conjuration/Fire             5
Comestibles
 b - 4 meat rations
 i - a slice of pizza
 n - a royal jelly


   Skills:
 + Level 1.9 Fighting
 + Level 4.3 Dodging
 + Level 9.1 Stealth
 * Level 4.9 Unarmed Combat
 * Level 7.0 Spellcasting
 + Level 8.4 Hexes
 + Level 2.5 Ice Magic
 + Level 0.1 Earth Magic


You had 10 spell levels left.
You knew the following spells:

 Your Spells              Type           Power        Failure   Level  Hunger
a - Corona                Hex            #####..      1%          1    None
b - Ensorcelled Hibernat  Hex/Ice        ####..       1%          2    None
c - Confuse               Hex            #####...     1%          3    #......
d - Tukima's Dance        Hex            #####...     1%          3    #......
e - Stoneskin             Trmt/Erth      #.......     17%         2    None


Dungeon Overview and Level Annotations

Branches:
Dungeon (8/15)             Temple (1/1) D:4            Lair (0/8) D:8

Altars:
Ashenzari
Cheibriados
Dithmenos
Elyvilon
Fedhas
Gozag
Kikubaaqudgha
Makhleb
Nemelex Xobeh
Okawaru
Pakellas
Qazlal
Ru
Sif Muna
Trog
Vehumet
Xom
Yredelemnul
Zin
The Shining One

Shops:
D:4 =

Annotations:
D:3 Daviar's ghost, amateur VSGl


Innate Abilities, Weirdness & Mutations

You cannot wear armour.
You are incapable of wielding weapons or throwing items.
You have sharp claws.
You have razor-sharp teeth.
You have supernaturally acute eyesight.
You are carnivorous and can eat meat at any time.
You cover ground quickly.
You are covered in thick fur (AC +2).
You have a slow metabolism.
Your sharp claws are effective at attacking unaware monsters.


Message History

The hound barks!
The wolf bites you! The wolf misses you. The wolf completely misses you.
The wolf bites you!
* * * LOW HITPOINT WARNING * * *
Casting: Ensorcelled Hibernation
Confirm with . or Enter, or press ? or * to list all spells.
Aiming: Ensorcelled Hibernation
Press: ? - help, Shift-Dir - straight line, f - wolf
Aim: a wolf (chance to defeat MR: 56%)
The wolf resists with significant effort.
The wolf bites you but does no damage. The wolf closely misses you.
Casting: Ensorcelled Hibernation
Confirm with . or Enter, or press ? or * to list all spells.
Aiming: Ensorcelled Hibernation
Press: ? - help, Shift-Dir - straight line, f/p - wolf
Aim: a wolf (chance to defeat MR: 56%)
The wolf resists with significant effort.
The wolf closely misses you. The wolf bites you!
You die...

.<..............
.........#.#####
.###.##..#.# #
#Z.#.# #l..#
#hh## #h#.#
#h##.# #@# .#
#.######.# .
#........# ##
########.# ##.#
#..# #..# #..#
#..#


You could see 3 wolves, a hound, a worker ant zombie and a giant gecko.

Vanquished Creatures
  Maurice (D:8)
  A spriggan (D:7)
  Menkaure (D:7)
  A water moccasin (D:6)
  A black bear (D:7)
  3 phantoms
  2 ogres
  A centaur (D:7)
  2 scorpions (D:6)
  3 crimson imps
  3 orc priests
  2 hounds
  A jelly (D:5)
  A giant frog skeleton (D:6)
  A centaur skeleton (D:8)
  An iguana (D:6)
  8 worker ants
  2 orc wizards
  The ghost of 4thArraOfDagon the Gusty, a weakling CeAE (D:5)
  A hound zombie (D:5)
  4 gnolls
  12 adders
  A shadow imp (D:8)
  3 oozes
  An adder zombie (D:5)
  An adder skeleton (D:7)
  5 worms
  4 giant geckos
  8 orcs
  5 giant cockroaches
  8 goblins
  4 hobgoblins
  11 jackals
  16 kobolds
  2 quokkas
  A ball python (D:3)
  9 bats
  5 giant newts
  11 rats
148 creatures vanquished.

Vanquished Creatures (collateral kills)
  3 orc warriors (Bailey)
  2 ogres
  An orc priest (D:7)
  A gnoll (D:5)
  5 orcs
  2 goblins
14 creatures vanquished.

Vanquished Creatures (others)
  A dancing weapon (Bailey)
1 creature vanquished.

Grand Total: 163 creatures vanquished

Notes
Turn   | Place    | Note
--------------------------------------------------------------
     0 | D:1      | dvd the Felid Enchanter began the quest for the Orb.
     0 | D:1      | Reached XP level 1. HP: 7/7 MP: 4/4
   169 | D:1      | Reached XP level 2. HP: 6/11 MP: 4/6
   173 | D:1      | Learned a level 2 spell: Ensorcelled Hibernation
  1346 | D:2      | Reached XP level 3. HP: 14/14 MP: 7/7
  1410 | D:1      | Learned a level 3 spell: Confuse
  1539 | D:2      | Reached skill level 5 in Stealth
  2424 | D:2      | Reached XP level 4. HP: 18/18 MP: 3/8
  2662 | D:3      | Noticed Daviar's ghost (amateur VSGl)
  2662 | D:3      | Found a burning altar of Makhleb.
  2769 | D:2      | Reached skill level 5 in Hexes
  3190 | D:4      | Found a staircase to the Ecumenical Temple.
  3196 | Temple   | Entered the Ecumenical Temple
  3266 | Temple   | Became a worshipper of Sif Muna the Loreminder
  3871 | D:4      | Reached skill level 1 in Ice Magic
  3871 | D:4      | Reached XP level 5. HP: 15/21 MP: 1/10
  3879 | D:4      | Killed from afar by an orc priest
  3880 | D:4      | Reached XP level 4. HP: -12/18 MP: 0/9
  3945 | D:4      | Reached skill level 6 in Stealth
  4304 | D:4      | Noticed a moth of wrath
  4307 | D:4      | Found a bloodstained altar of Trog.
  4920 | D:4      | Reached skill level 1 in Fighting
  4920 | D:4      | Reached XP level 5. HP: 20/22 MP: 3/10
  4951 | D:4      | Learned a level 3 spell: Tukima's Dance
  4998 | D:4      | Noticed a phantom
  5027 | D:4      | Killed a phantom
  5123 | D:4      | Noticed an ogre
  5139 | D:4      | Killed an ogre
  5139 | D:4      | Gained mutation: You are covered in thick fur (AC +2). [Felid growth]
  5139 | D:4      | Reached XP level 6. HP: 25/25 MP: 6/12
  5183 | D:4      | Reached skill level 7 in Stealth
  5447 | D:4      | Found Tyilum's Jewellery Emporium.
  5748 | D:5      | Entered Level 5 of the Dungeon
  5923 | D:5      | Reached XP level 7. HP: 28/28 MP: 0/13
  6139 | D:5      | Found an oddly glowing altar of Pakellas.
  6612 | D:5      | Noticed 4thArraOfDagon's ghost (weakling CeAE)
  6617 | D:5      | Killed 4thArraOfDagon's ghost
  6847 | D:5      | Reached * piety under Sif Muna
  7176 | D:5      | Found a blossoming altar of Fedhas.
  7176 | D:5      | Found a snail-covered altar of Cheibriados.
  7499 | D:6      | Reached skill level 5 in Spellcasting
  7748 | D:6      | Reached XP level 8. HP: 32/32 MP: 16/16
  8241 | D:6      | Reached skill level 8 in Stealth
  8492 | D:7      | Noticed Menkaure
  8505 | D:7      | Found a flagged portal.
  8541 | Bailey   | Entered a bailey
  8578 | Bailey   | HP: 1/33 [orc warrior (14)]
  8582 | Bailey   | Demolished by an orc warrior
  8583 | Bailey   | Reached XP level 7. HP: -18/29 MP: 1/16
  8583 | Bailey   | Reached ** piety under Sif Muna
  8831 | Bailey   | Found an iron altar of Okawaru.
  9004 | D:7      | Killed Menkaure
  9004 | D:7      | Reached XP level 8. HP: 12/33 MP: 15/18
  9329 | D:7      | Found a stormy altar of Qazlal.
  9350 | D:7      | Learned a level 2 spell: Stoneskin
  9889 | D:8      | Noticed Maurice
  9894 | D:8      | Killed Maurice
  9894 | D:8      | Reached skill level 9 in Stealth
  9907 | D:8      | Found a staircase to the Lair.
  9907 | D:8      | Noticed a troll
 10079 | D:8      | Mangled by a wolf

Vault maps used:
D:1:      dpeg_arrival_simpleton_b
D:3:      old_standard_altar, first_bread
D:4:      kennysheep_six_static_rooms, tgw_trog, minmay_temple_entry_hall,
          serial_shops, kennysheep_mini_moat, minmay_ruptured
D:5:      gammafunk_temple_overflow_elements, basic_altar,
          hangedman_decor_diamond_cutter
D:7:      enter_bailey_3, the_bakery, grunt_qazlal_clouds, uniq_menkaure
D:8:      erik_lair_island, uniq_maurice
Temple:   lightli_temple_of_artemis
Bailey:   bailey_axe_3, bailey

Action                   |  1- 3 |  4- 6 |  7- 9 || total
-------------------------+-------+-------+-------++-------
Melee: Unarmed           |    72 |   108 |   130 ||   310
 Cast: Corona            |     5 |     6 |     1 ||    12
       Ensorcelled Hiber |    34 |    48 |    60 ||   142
       Confuse           |     2 |    16 |    40 ||    58
       Tukima's Dance    |       |     1 |    14 ||    15
       Stoneskin         |       |       |     1 ||     1
  Use: Potion            |     3 |     7 |     2 ||    12
       Scroll            |       |     7 |     5 ||    12
 Stab: Sleeping          |    35 |    35 |    35 ||   105
       Confused          |     1 |     8 |    17 ||    26
  Eat: Chunk             |    13 |    16 |    16 ||    45
